 Seeded DCSS version 0.32-a0-468-g38b2580584 (webtiles) character file.

Game seed: 7220356206648857820 (custom seed)

14 CInkIbrahim the Slasher (level 2, 19/22 HPs)
             Began as a Coglin Gladiator on Feb 25, 2024.
             Quit the game on level 2 of the Dungeon.
             The game lasted 00:01:16 (814 turns).

CInkIbrahim the Slasher (Coglin Gladiator)           Turns: 814, Time: 00:01:17

Health: 19/22      AC:  4    Str: 14    XL:     2   Next: 41%
Magic:  2/2        EV: 12    Int:  7    God:
Gold:   63         SH:  0    Dex: 15    Spells: 1/1 levels left

rFire   . . .        a - +0 long sword {Salvador}
rCold   . . .        h - orb {light}
rNeg    . . .        b - +0 leather armour
rPois   .            c - +0 helmet
rElec   .            (no cloak)
rCorr   .            (no gloves)
SInv    .            (no boots)
Will    .....        (no amulet)
Stlth   +            (ring unavailable)
HPRegen 0.23/turn    (ring unavailable)
MPRegen 0.08/turn

%: no passive effects
@: glowing, revving
A: off-hand wielding, slow wielding, warmup strikes, no rings
a: no special abilities


You were on level 2 of the Dungeon.
You visited 1 branch of the dungeon, and saw 2 of its levels.

You collected 63 gold pieces.

Inventory:

Hand Weapons
 a - a +0 long sword (weapon) {Salvador}
 m - a +1 whip of distortion
Missiles
 d - 3 throwing nets (quivered)
 e - a javelin
Armour
 b - a +0 leather armour (worn)
 c - a +0 helmet (worn)
 h - an orb of light (worn)
 k - a +0 buckler
Scrolls
 g - a scroll of vulnerability {unknown}
 n - a scroll of acquirement
 o - a scroll of teleportation {unknown}
Potions
 f - a potion of degeneration {unknown}
 i - a potion of might {unknown}
 j - a potion of enlightenment {unknown}
 l - 2 potions of invisibility {unknown}


   Skills:
 - Level 2.0 Fighting
 + Level 3.7 Long Blades
 - Level 1.7 Throwing
 - Level 2.6 Dodging


You had one spell level left.
You didn't know any spells.
Your spell library contained the following spells:

 Spells                   Type           Power      Damage    Failure   Level
 Dazzling Flash           Conj/Hex       0%         N/A       87%         3
 Volatile Blastmotes      Fire/Tloc      0%         2d10      87%         3
 Starburst                Conj/Fire      0%         6d3       100%        6
 Maxwell's Capacitive Co  Air            0%         ∞         100%        8


Dungeon Overview and Level Annotations

Branches:
Dungeon (2/15)

Altars:


Innate Abilities, Weirdness & Mutations

You can wield a second weapon in your off-hand.
It takes a long time for you to wield or remove held weapons.
Your first few attacks do less damage.
Your grasper-arms cannot wear rings.


Message History

The rat squeaks loudly.
A rat is nearby!
Found 8 gold pieces and a scroll labelled ACKYBI LAWKUF.
A rat is nearby!
The rat bites you but does no damage.
A rat is nearby!
You slash the rat!
You kill the rat!
You now have 63 gold pieces (gained 8).
o - a scroll labelled ACKYBI LAWKUF No target in view!
As you open the door, it creaks loudly!
No target in view!
There is an open door here.
You open the door. You open the door.
A goblin comes into view. It is wielding a +0 club.
The goblin shouts!
Found 2 fizzy black potions and a ring mail.
A frilled lizard comes into view.
There is an open door here.
The frilled lizard hisses angrily.
The goblin barely misses you.
You hit the goblin.
The goblin is heavily wounded.
The goblin hits you with a +0 club.
You closely miss the goblin.
The goblin is heavily wounded.
The goblin hits you with a +0 club.
You slash the goblin!
You kill the goblin!
The frilled lizard bites you.
You hit the frilled lizard.
You kill the frilled lizard!
No target in view!
No target in view!
This is a scroll of acquirement!
Something appears at your feet! Something appears at your feet!
Are you sure you want to abandon this character and quit the game? (Confirm with "yes".)

######.....<...####...#..#
#..'.........'.........#
####.........####...#..#
##.......## #......#
##.....## #####.## ##...##
.# ######'## # #......#
######@# #)# .!. ...[.
#...... ....###. .#.#.# .#
#.....# #


There were no monsters in sight!

Vanquished Creatures
  A dart slug (D:1)
  2 endoplasms (D:1)
  A goblin (D:2)
  2 quokkas (D:1)
  A ball python (D:1)
  4 frilled lizards
  A rat (D:2)
12 creatures vanquished.

Notes
Turn   | Place    | Note
-------+----------+-------------------------------------------
     0 | D:1      | CInkIbrahim the Coglin Gladiator began the quest for the
                  | Orb.
     0 | D:1      | Reached XP level 1. HP: 16/16 MP: 1/1
   306 | D:1      | Found a faded altar of an unknown god.
   326 | D:1      | Reached XP level 2. HP: 19/22 MP: 2/2
   812 | D:2      | Identified 3 scrolls of acquirement
   812 | D:2      | Acquired 815 gold pieces
   813 | D:2      | Acquired 965 gold pieces
   814 | D:2      | Quit the game

Illustrated notes

Levels and vault maps discovered:
D:1:      psy_arrival_whirlpool, layout_basic,
          shapermc_ecumenical_altar_starsandcircs, minmay_strange_pillars
D:2:      kennysheep_big_flooded_room, layout_loops_corners, minmay_cut_off

Action                     || total
---------------------------++-------
  Melee: Long sword        ||    27
    Use: Scroll            ||     2
 Armour: Leather armour    ||    18
  Dodge: Dodged            ||    13

Table legend: (Time is in decaauts)
 A = Elapsed time spent in this place.
 B = Non-inter-level travel time spent in this place.
 C = Inter-level travel time spent in this place.
 D = Time resting spent in this place.
 E = Time spent auto-exploring this place.
 F = Levels seen in this place.
 G = Mean time per level.
                   A        B        C        D        E       F      G
               +--------+--------+--------+--------+--------+-----+--------+
         Total |    821 |    760 |     61 |     32 |    611 |   2 |  410.5 |
       Dungeon |    821 |    760 |     61 |     32 |    611 |   2 |  410.5 |
               +--------+--------+--------+--------+--------+-----+--------+

Top non-repeatable levels by time:
     D:1: 705 daAuts
     D:2: 115 daAuts
